 Dungeon Crawl Stone Soup version 0.16-a0-3171-gce70061 (webtiles) character file.

1017 Ololoev the Slasher (level 8, -3/58 HPs)
             Began as a Mummy Chaos Knight on Dec 16, 2014.
             Was a Plaything of Xom.
             Slain by a gnoll
             ... wielding a +0 flail
              (7 damage)
             ... on level 5 of the Dungeon.
             The game lasted 00:13:56 (5747 turns).

Ololoev the Slasher (Mummy Chaos Knight)            Turns: 5747, Time: 00:13:56

Health: -3/58      AC: 12    Str: 17    XL:     8   Next: 2%
Magic:  8/8        EV:  5    Int: 13    God:    Xom [.*....]
Gold:   253        SH:  0    Dex: 11    Spells: 0 memorised, 7 levels left

rFire  x . .     SeeInvis .     a - +0 falchion (chaos)
rCold  + . .     Clarity  .     f - +0 plate armour
rNeg   + + +     SustAb   .     (no shield)
rPois  ∞         Gourm    .     (no helmet)
rElec  .         Spirit   .     (no cloak)
rCorr  .         Warding  .     (no gloves)
rMut   .         Stasis   .     (no boots)
MR     +....                    (no amulet)
Stlth  ..........               i - +2 ring of intelligence
                                c - ring of wizardry

@: somewhat resistant to hostile enchantments, extremely unstealthy
A: no food or potions, fire vulnerability, restore body, cold resistance 1,
negative energy resistance 3, poison resistance, torment resistance, unbreathing
a: Renounce Religion


You were on level 5 of the Dungeon.
You worshipped Xom.
You were a plaything of Xom.
You were not hungry.

You visited 1 branch of the dungeon, and saw 5 of its levels.

You collected 253 gold pieces.

Notes
Turn   | Place    | Note
--------------------------------------------------------------
     0 | D:1      | Ololoev, the Mummy Chaos Knight, began the quest for the Orb.
     0 | D:1      | Reached XP level 1. HP: 18/18 MP: 1/1
   136 | D:1      | XOM: harmless Ice miscast
   198 | D:1      | XOM: harmless Conj miscast
   201 | D:1      | Reached XP level 2. HP: 24/24 MP: 2/2
   766 | D:2      | Reached XP level 3. HP: 4/29 MP: 3/3
   861 | D:2      | XOM: silly message
  1094 | D:2      | XOM: mild Necr miscast
  1119 | D:2      | XOM: harmless Conj miscast
  1141 | D:2      | XOM: potion effect (might)
  1221 | D:2      | XOM: divination: magic mapping
  1284 | D:2      | XOM: colour smoke trail
  1361 | D:2      | Reached XP level 4. HP: 35/35 MP: 4/4
  1387 | D:2      | XOM: scenery: create altars
  1444 | D:2      | XOM: enchant monster (good)
  1494 | D:2      | XOM: harmless Erth miscast
  1627 | D:2      | XOM: silly message
  2067 | D:3      | XOM: butterfly on damage
  2068 | D:3      | Reached skill level 4 in Long Blades
  2068 | D:3      | Reached XP level 5. HP: 4/41 MP: 5/5
  2288 | D:1      | XOM: mild Erth miscast
  2535 | D:3      | XOM: polymorph orc -> kobold
  2558 | D:3      | XOM: confusion
  2573 | D:3      | XOM: 3-stop teleportation journey
  2848 | D:3      | Found a glowing silver altar of Zin.
  2851 | D:3      | Found a stormy altar of Qazlal.
  2852 | D:3      | Found a basalt altar of Yredelemnul.
  2855 | D:3      | Found a deep blue altar of Sif Muna.
  3101 | D:3      | XOM: potion effect (agility)
  3115 | D:3      | Reached XP level 6. HP: 32/47 MP: 6/6
  3352 | D:4      | XOM: god gift: runed hunting sling {god gift}
  3390 | D:4      | Found an ancient bone altar of Kikubaaqudgha.
  3390 | D:4      | Found a sacrificial altar of Ru.
  3481 | D:4      | XOM: mild Divn miscast
  3560 | D:4      | XOM: scenery: create altars
  3578 | D:4      | XOM: summons 6 friendly demons
  3834 | D:4      | XOM: swap monsters
  3989 | D:4      | XOM: noise
  4137 | D:5      | Entered Level 5 of the Dungeon
  4184 | D:5      | Reached skill level 5 in Long Blades
  4429 | D:5      | Reached XP level 7. HP: 42/52 MP: 7/7
  4444 | D:5      | XOM: noise
  5204 | D:5      | Reached skill level 6 in Long Blades
  5307 | D:5      | XOM: mild Necr miscast
  5322 | D:5      | XOM: confusion (+ monsters)
  5334 | D:5      | Reached skill level 5 in Armour
  5550 | D:5      | XOM: polymorph gnoll -> bat
  5735 | D:5      | Reached XP level 8. HP: 25/58 MP: 8/8
  5746 | D:5      | XOM: smoke on damage
  5747 | D:5      | Slain by a gnoll

Inventory:

Hand weapons
 a - a +0 falchion of chaos (weapon)
Missiles
 e - 5 javelins (quivered)
Armour
 f - a +0 plate armour (worn)
Jewellery
 c - a ring of wizardry (left hand)
 i - a +2 ring of intelligence (right hand)
Scrolls
 b - a scroll of teleportation {unknown}
 d - 8 scrolls of identify {unknown}
 g - a scroll of magic mapping {unknown}
 h - 3 scrolls of blinking {unknown}
 j - 3 scrolls of amnesia {unknown}
 k - 5 scrolls of remove curse {unknown}

Table legend:
 A = Turns spent in this place as a percentage of turns spent in the entire game.
 B = Non-inter-level travel turns spent in this place as a percentage of non-inter-level travel turns spent in the entire game.
 C = Inter-level travel turns spent in this place as a percentage of turns spent in this place.
 D = Turns resting spent in this place as a percentage of non-inter-level travel turns spent in this place.
 E = Turns spent auto-exploring this place as a percentage of non-inter-level travel turns spent in this place.
 F = Non-inter-level travel turns spent in this place divided by the number of levels of this place that you've seen.
                   A       B       C       D       E      F
               +-------+-------+-------+-------+-------+----------------------
         Total | 100.0 | 100.0 |   0.3 |   3.4 |   7.8 | 507.4
       Dungeon | 100.0 | 100.0 |   0.3 |   3.4 |   7.8 | 507.4
               +-------+-------+-------+-------+-------+----------------------


   Skills:
 - Level 3.0 Fighting
 * Level 6.5 Long Blades
 + Level 5.0 Armour
 - Level 0.7 Dodging


You had 7 spell levels left.
You didn't know any spells.

Dungeon Overview and Level Annotations

Branches:
Dungeon (5/15)
 Temple: D:4-7

Altars:
Kikubaaqudgha
Qazlal
Ru
Sif Muna
Xom
Yredelemnul
Zin


Innate Abilities, Weirdness & Mutations

You do not eat or drink.
Your flesh is vulnerable to fire.
Your flesh is cold resistant.
You are immune to negative energy.
Your system is resistant to poisons.
You are immune to unholy pain and torment.
You can survive without breathing.


Message History

You hit the gnoll.
You kill the gnoll!
You have reached level 8!
The gnoll hits you but does no damage.
The gnoll hits you from afar with a spear.
Things that are here:
a flail; a gnoll corpse Your plate armour prevents you from hitting the gnoll.
The gnoll hits you with a spear. The gnoll completely misses you.
You slash the gnoll!
The gnoll is heavily wounded.
The gnoll barely misses you. The gnoll hits you with a flail.
Your plate armour prevents you from hitting the gnoll.
The gnoll is heavily wounded.
The jackal barks!
The gnoll hits you but does no damage. x2
You hit the gnoll.
You feel better.
The gnoll is severely wounded.
The gnoll hits you but does no damage. The gnoll hits you with a flail.
Your plate armour prevents you from hitting the gnoll.
The gnoll is heavily wounded.
The gnoll hits you but does no damage.
You hit the gnoll.
You kill the gnoll!
The gnoll barely misses you.
You closely miss the gnoll. The gnoll barely misses you.
The gnoll hits you but does no damage.
You barely miss the gnoll. The gnoll barely misses you. The gnoll hits you.
You hit the gnoll.
The gnoll is lightly wounded.
The gnoll hits you but does no damage.
You slash the gnoll!
The gnoll is severely wounded.
The gnoll hits you with a flail!
You emit a cloud of colourful smoke!
The gnoll barely misses you.
You hit the gnoll.
The gnoll is almost dead.
The gnoll hits you with a flail!
You die...

. ... ≈≈ ≈h #####
...#
..################
#g#....'....#..|
#@#....########...
#g#...........#...
#§##''#)........≈≈
#.....#†))..†...≈≈
#.....#.).....#...
#.#####'##########
#.# #.......))..
#.. #......)#...
#'# #.......#...


You could see 2 gnolls and a jackal.

Table legend:
 A = Kills in this place as a percentage of kills in entire the game.
 B = Kills by you in this place as a percentage of kills by you in the entire game.
 C = Kills by friends in this place as a percentage of kills by friends in the entire game.
 D = Other kills in this place as a percentage of other kills in the entire game.
 E = Experience gained in this place as a percentage of experience gained in the entire game.
 F = Experience gained in this place divided by the number of levels of this place that you have seen.
                   A       B       C       D       E      F
               +-------+-------+-------+-------+-------+----------------------
         Total | 100.0 | 100.0 | 100.0 |  -nan | 100.0 | 290.8
       Dungeon | 100.0 | 100.0 | 100.0 |  -nan | 100.0 | 290.8
               +-------+-------+-------+-------+-------+----------------------

Vanquished Creatures
  An ogre (D:5)
  A sky beast (D:5)
  A quasit (D:4)
  A hound (D:4)
  A goliath beetle (D:4)
  3 orc priests (D:3)
  3 gnoll shamans (D:5)
  An iguana (D:5)
  An orc wizard (D:3)
  28 gnolls (D:5)
  6 adders
  8 worms
  A giant mite (D:2)
  An adder skeleton (D:4)
  4 giant geckos
  An ooze (D:3)
  14 orcs
  3 ball pythons
  6 bats
  A bat skeleton (D:5)
  6 giant cockroaches
  7 goblins
  7 hobgoblins
  15 jackals
  4 quokkas
  3 giant newts
  12 kobolds
  10 rats
150 creatures vanquished.

Vanquished Creatures (collateral kills)
  An adder (D:4)
  2 gnolls (D:5)
3 creatures vanquished.

Vanquished Creatures (others)
  A giant cockroach zombie (D:2)
  2 butterflies (D:3)
3 creatures vanquished.

Grand Total: 156 creatures vanquished

Action                   |  1- 3 |  4- 6 |  7- 9 || total
-------------------------+-------+-------+-------++-------
Melee: Falchion          |   130 |   320 |   222 ||   672
Throw: Javelin           |       |       |     5 ||     5
 Stab: Confused          |     1 |     5 |     2 ||     8
       Paralysed         |       |     4 |     1 ||     5
       Petrified         |       |     2 |       ||     2
       Petrifying        |       |       |     3 ||     3

Vault maps used:
D:1:      dpeg_arrival_short_road, supply_closet_lemuel
D:2:      kennysheep_six_static_rooms
D:3:      minitemple, first_bread, minivault_26, minmay_door_square
D:4:      grunt_temple_overflow_open
D:5:      lemuel_castle_with_subvaults, grunt_qazlal_sundering
